 Dungeon Crawl Stone Soup version 0.29.1-1-gd02db6906a (webtiles) character file.

Game seed: 15657802560115288868

2051 hawla the Arsonist (level 9, -3/96 HPs)
             Began as a Meteoran Fire Elementalist on Oct 6, 2022.
             Was a Priest of Vehumet.
             Killed from afar by an acid dragon (25 damage)
             ... with a splash of acid
             ... on level 8 of the Dungeon.
             The game lasted 00:24:23 (4611 turns).

hawla the Arsonist (Meteoran Fire Elementalist)     Turns: 4611, Time: 00:24:24

Health: -3/96      AC: -1    Str: 14    XL:     9   Next: 78%
Magic:  20/22      EV: 14    Int: 20    God:    Vehumet [***...]
Gold:   1122       SH:  0    Dex: 16    Spells: 15/24 levels left

rFire   . . .      SeeInvis .   h - staff of earth
rCold   . . .      Faith    .   (no shield)
rNeg    . . .      Spirit   .   a - +0 robe
rPois   .          Reflect  .   (no helmet)
rElec   .          Harm     .   (no cloak)
rCorr   .          Rampage  .   e - +0 pair of gloves "Rylolyecoe" {Str+4}
Will    +....                   (no boots)
Stlth   ..........              (no amulet)
HPRegen 0.26/turn               (no ring)
MPRegen 0.18/turn               (no ring)

@: berserking, corroded, glowing, very quick
A: sense surroundings 2, otherworldly, glowing, explore regen
a: Renounce Religion


You were on level 8 of the Dungeon.
You worshipped Vehumet.
Vehumet was most pleased with you.
You visited 2 branches of the dungeon, and saw 9 of its levels.
You also visited: Sewer.

You collected 1386 gold pieces.
You spent 264 gold pieces at shops.

Inventory:

Armour
 a - a +0 robe (worn)
 e - the +0 pair of gloves "Rylolyecoe" (worn) {Str+4}
   (You bought it in a shop on level 5 of the Dungeon)

   Str:       It affects your strength (+4).
Magical Staves
 h - a staff of earth (weapon)
Wands
 l - a wand of quicksilver (14)
Scrolls
 b - a scroll of enchant armour {unknown}
 c - 3 scrolls of teleportation
 g - 2 scrolls of fog
 n - a scroll of summoning {unknown}
Potions
 d - 2 potions of flight
 f - a potion of haste
 i - 2 potions of curing
 j - a potion of brilliance
 k - 2 potions of berserk rage
 m - a potion of mutation {unknown}
 o - a potion of lignification {unknown}


   Skills:
 + Level 1.1 Fighting
 + Level 1.4 Staves
 + Level 4.3 Dodging
 - Level 1.4 Stealth
 + Level 8.0 Spellcasting
 + Level 5.6 Conjurations
 + Level 9.9 Fire Magic
 + Level 1.5 Earth Magic
 + Level 1.5 Evocations


You had 15 spell levels left.
You knew the following spells:

 Your Spells              Type           Power      Damage    Failure   Level
a - Foxfire               Conj/Fire      100%       2x1d9     1%          1
b - Scorch                Fire           96%        2d10      1%          2
c - Flame Wave            Conj/Fire      39%        2d11      1%          4
d - Static Discharge      Conj/Air       19%        3-6/arc   1%          2

Your spell library contained the following spells:

 Spells                   Type           Power      Damage    Failure   Level
 Searing Ray              Conj           60%        2d6       1%          2
 Conjure Flame            Conj/Fire      39%        6-21      1%          3
 Inner Flame              Hex/Fire       28%        N/A       1%          3
 Passwall                 Tmut/Erth      13%        N/A       10%         2
 Ensorcelled Hibernation  Hex/Ice        16%        N/A       13%         2
 Spider Form              Tmut/Pois      8%         N/A       26%         3
 Swiftness                Air            8%         N/A       26%         3
 Anguish                  Hex/Necr       4%         N/A       63%         4


Dungeon Overview and Level Annotations

Branches:
Dungeon (8/15) Zot: 509    Temple (1/1) D:4 Zot: 527    Lair (0/5) D:8
  Sewer (visited)

Altars:
Ashenzari
Cheibriados
Dithmenos
Elyvilon
Gozag
Hepliaklqana
Makhleb
Okawaru
Qazlal
Sif Muna
Uskayaw
Vehumet
Wu Jian
Yredelemnul
The Shining One

Shops:
D:1 ?   D:2 [   D:4 [   D:5 [

Annotations:
D:6 2 transporters, FastidiousMonk's ghost, novice GrBe


Innate Abilities, Weirdness & Mutations

You passively map the area around you.
You are easily found by Zot.
You glow in the dark.
You regain HP and MP as you explore.


Message History

The black bear goes berserk!
A wave of flame ripples out!
The flame wave engulfs the black bear!!
You kill the black bear!
Vehumet accepts your kill.
You finish channelling waves of flame.
Your Spellcasting skill increases to level 8!
Found 8 stones.
Found an escape hatch in the ceiling.
n - a scroll labelled KYTZUZ WUETWOI You see here a howler monkey corpse.
o - a fuming amethyst potion You now have 1122 gold pieces (gained 14).
You see here a +0 glaive.
There is a stone staircase leading up here.
Key pressed, stopping explore.
Found a white marble altar of Elyvilon.
An acid dragon comes into view.
The acid dragon roars!
An acid dragon is nearby!
An acid dragon is nearby!
An acid dragon is nearby!
The acid dragon spits acid at you. The splash of acid misses you.
The acid dragon spits acid at you. The splash of acid hits you!!
Casting: Flame Wave (dangerous; 1% risk of failure)
Confirm with . or Enter, or press ? or * to list all spells.
Flames lash the acid dragon.
The acid dragon is lightly wounded.
The acid dragon's fire resistance burns away.
The acid dragon spits acid at you. The splash of acid hits you!!
* * * LOW HITPOINT WARNING * * *
The acid corrodes you!
It was a potion of berserk rage.
A red film seems to cover your vision as you go berserk!
You feel yourself moving faster!
You feel mighty! The acid dragon spits acid at you.
The splash of acid hits you!!
You die...

, ,, #.....## , ##...###
# , , #....(.## ## * ,,
##.......### #. # * ,*
#..........#####. ### **
, * ##............##..
..## * #..D..............
...## *
##............#....
....##
#.@...........###.#
.....## ##..#######....#
#.. ......#
#.#............# ##.
......#
####.#.#.###.#....# #.
......#
##.#.##.#.....#...## ##
.....##
#....##.#.._.(#..## #
.....# #.....#.#.....#..#
#### .....#
##.......#.###.#..####...
....##
#.................##P..P.


You could see an acid dragon (catching breath, combustible).

Vanquished Creatures
  A wyvern (D:8)
  3 ice beasts (D:5)
  3 black bears
  An ogre (D:5)
  A bullfrog (Sewer)
  A kobold brigand (D:8)
  5 scorpions
  A howler monkey (D:8)
  2 hounds
  2 jellies (D:6)
  3 orc priests
  A gnoll bouda (D:8)
  4 iguanas
  Ijyb (D:5)
  An orc wizard (D:6)
  Robin (D:4)
  8 gnolls
  13 adders
  A shadow imp (D:5)
  2 white imps
  An ufetubus (D:5)
  A worm (D:4)
  A dart slug (D:2)
  24 orcs
  17 endoplasms
  13 giant cockroaches
  12 goblins
  13 hobgoblins
  3 jackals (D:2)
  8 quokkas
  15 ball pythons
  6 bats
  14 frilled lizards
  11 kobolds
  8 rats
202 creatures vanquished.

Vanquished Creatures (others)
  260 foxfires
  8 fungi (D:8)
  5 plants (D:8)
273 creatures vanquished.

Grand Total: 475 creatures vanquished

Notes
Turn   | Place    | Note
-------+----------+-------------------------------------------
     0 | D:1      | hawla the Meteoran Fire Elementalist began the quest for
                  | the Orb.
     0 | D:1      | Reached XP level 1. HP: 14/14 MP: 5/5
     0 | D:1      | Noticed a naga
     3 | D:1      | Noticed a minotaur skeleton
     6 | D:1      | Noticed a gargoyle
    15 | D:1      | Noticed a draconian
    78 | D:1      | Reached XP level 2. HP: 20/20 MP: 3/6
   107 | D:1      | Reached skill level 4 in Fire Magic
   130 | D:1      | Learned a level 2 spell: Scorch
   259 | D:1      | Reached XP level 3. HP: 22/26 MP: 4/8
   313 | D:1      | Found Boulosar's Magic Scroll Boutique.
   324 | D:1      | Bought a scroll of teleportation for 36 gold pieces
   500 | D:1      | Glimpsed the power of Zot.
   587 | D:2      | Reached XP level 4. HP: 32/33 MP: 2/9
   617 | D:2      | Found a faded altar of an unknown god.
   645 | D:2      | Reached skill level 5 in Fire Magic
   694 | D:2      | Found Cuocseunn's Antique Armour Shop.
   807 | D:2      | Reached XP level 5. HP: 38/38 MP: 3/11
   860 | D:2      | Learned a level 4 spell: Flame Wave
  1099 | D:2      | Glimpsed the power of Zot.
  1249 | D:3      | Reached XP level 6. HP: 31/45 MP: 4/12
  1288 | D:3      | HP: 1/45 [orc/+0 short sword (3)]
  1439 | D:3      | Reached skill level 6 in Fire Magic
  1470 | D:3      | Found a glowing golden altar of the Shining One.
  1628 | D:3      | Found a faded altar of an unknown god.
  1632 | D:3      | Found a basalt altar of Yredelemnul.
  1695 | D:3      | Glimpsed the power of Zot.
  1752 | D:4      | Found a shimmering blue altar of Sif Muna.
  1800 | D:4      | Noticed Robin
  1803 | D:4      | Killed Robin
  1810 | D:4      | Found a staircase to the Ecumenical Temple.
  1833 | Temple   | Entered the Ecumenical Temple
  1890 | Temple   | Became a worshipper of Vehumet
  2228 | D:4      | Noticed a black bear
  2230 | D:4      | Reached skill level 7 in Fire Magic
  2230 | D:4      | Reached XP level 7. HP: 50/50 MP: 6/13
  2354 | D:4      | Found Wolag's Antique Armour Shoppe.
  2366 | D:4      | Glimpsed the power of Zot.
  2401 | D:5      | Entered Level 5 of the Dungeon
  2462 | D:5      | Reached skill level 8 in Fire Magic
  2462 | D:5      | Reached XP level 8. HP: 35/57 MP: 3/14
  2691 | D:5      | Reached skill level 1 in Earth Magic
  2691 | D:5      | Reached skill level 1 in Evocations
  2713 | D:5      | Noticed Ijyb
  2717 | D:5      | Killed Ijyb
  2885 | D:5      | Found Xymygur's Antique Armour Emporium.
  2909 | D:5      | Reached skill level 5 in Spellcasting
  2967 | D:5      | Glimpsed the power of Zot.
  3017 | D:5      | Glimpsed the power of Zot.
  3057 | D:6      | Found an opulent altar of Gozag.
  3078 | D:6      | Reached * piety under Vehumet
  3078 | D:6      | Offered knowledge of Shock by Vehumet.
  3243 | D:6      | Found a transporter.
  3248 | D:6      | Noticed FastidiousMonk's ghost (novice GrBe)
  3267 | D:6      | Found a transporter.
  3363 | D:6      | Found a glowing drain.
  3367 | Sewer    | Entered a sewer
  3402 | Sewer    | Gained mutation: You passively map the area around you.
                  | [Meteoran growth]
  3402 | Sewer    | Reached XP level 9. HP: 62/62 MP: 16/19
  3464 | Sewer    | Offered knowledge of Static Discharge by Vehumet.
  3466 | Sewer    | Reached ** piety under Vehumet
  3502 | Sewer    | Reached skill level 5 in Conjurations
  3596 | Sewer    | Reached skill level 9 in Fire Magic
  3674 | D:6      | Learned a level 2 spell: Static Discharge
  3823 | D:6      | Glimpsed the power of Zot.
  3868 | D:7      | Found a hazy altar of Hepliaklqana.
  3871 | D:7      | Identified a scroll of acquirement
  3871 | D:7      | Acquired 1021 gold pieces
  3925 | D:5      | Bought a pair of shimmering gloves for 228 gold pieces
  3925 | D:5      | Identified the +0 pair of gloves "Rylolyecoe" {Str+4} (You
                  | bought it in a shop on level 5 of the Dungeon)
  4011 | D:7      | Reached skill level 1 in Staves
  4031 | D:7      | Offered knowledge of Searing Ray by Vehumet.
  4185 | D:8      | Reached skill level 1 in Fighting
  4284 | D:8      | Found a shadowy altar of Dithmenos.
  4327 | D:8      | Reached *** piety under Vehumet
  4581 | D:8      | Found a white marble altar of Elyvilon.
  4611 | D:8      | Killed from afar by an acid dragon

Illustrated notes

Levels and vault maps discovered:
D:1:      shiori_arrival_whats_in_store_for_you, layout_loops_ring,
          serial_shops, shop
D:2:      layout_loops_ring, serial_shops, shop, ebering_ecumenical_altar_ruins
D:3:      layout_rooms, nicolae_overflow_ecumenical_swirl, tso_oasis_becter,
          chequers_serial_rivers_small_b
D:4:      layout_loops_ring, mainiacjoe_overflow_surrounded_room,
          minmay_temple_entry_glassed_door, serial_shops, nicolae_stop_n_shop_2,
          nicolae_shop_hallway_plus, uniq_robin
D:5:      nicolae_cairo_tiling_large, layout_loops_cross, serial_shops,
          nicolae_shop_statue_plus, minmay_misc_feat_room, uniq_ijyb,
          uniq_duvessa
D:6:      layout_loops_ring, grunt_gozag_statues, general_overflow_altar,
          gup_sewer_entry_spiral, gammafunk_ghost_stat_death, uniq_menkaure
D:7:      layout_cave_pools, nemelex_dance_club_becter,
          nicolae_overflow_hidden_temple, lemuel_tele_altar,
          kennysheep_little_box
D:8:      layout_cave_pods, lemuel_doored_altar,
          mainiacjoe_overflow_cross_hatched, nicolae_dithmenos_the_darkroom,
          grunt_lair_entry_orc_guard_hut
Temple:   hellmonk_temple_of_storms

Skill      XL: |  1  2  3  4  5  6  7  8  9 |
---------------+----------------------------+-----
Fire Magic     | 4 5 7 8 9 |  9.9
Spellcasting   | 3 6 8 |  8.0
Conjurations   | 2 3 4 5 |  5.6
Earth Magic    | 1 |  1.5
Evocations     | 1 |  1.5
Dodging        | 3 4 |  4.3
Staves         | 1 |  1.4
Fighting       | 1 |  1.1
Stealth        | |  1.4

Action                   |  1- 3 |  4- 6 |  7- 9 || total
-------------------------+-------+-------+-------++-------
Melee: Unarmed           |    34 |     1 |       ||    35
       Punch             |     1 |       |       ||     1
       Staff             |       |    35 |    63 ||    98
 Cast: Foxfire           |    30 |    48 |    82 ||   160
       Scorch            |    13 |    49 |    55 ||   117
       Flame Wave        |       |     7 |    13 ||    20
  Use: Scroll            |     3 |     5 |     7 ||    15
       Potion            |       |     1 |     3 ||     4
Armor: Robe              |     9 |    12 |    33 ||    54
Dodge: Dodged            |    26 |    56 |    73 ||   155
